 Dungeon Crawl Stone Soup version 0.18-a0-1670-gb40d73e (webtiles) character file.

74 kroki the Chopper (level 4, 0/38 HPs)
             Began as a Minotaur Skald on Apr 1, 2016.
             Shot with a stone by a goblin (3 damage)
             ... on level 2 of the Dungeon.
             The game lasted 00:01:25 (1627 turns).

kroki the Chopper (Minotaur Skald)                  Turns: 1627, Time: 00:01:26

Health: 0/38       AC:  3    Str: 16    XL:     4   Next: 10%
Magic:  5/5        EV: 11    Int:  9    God:
Gold:   71         SH:  0    Dex: 11    Spells: 1 memorised, 4 levels left

rFire  . . .     SeeInvis .     a - +1 hand axe
rCold  . . .     Gourm    .     b - +0 leather armour
rNeg   . . .     Faith    .     (no shield)
rPois  .         Spirit   .     (helmet restricted)
rElec  .         Dismiss  .     (no cloak)
rCorr  .         Reflect  .     (no gloves)
SustAt .         Harm     .     (no boots)
MR     .....                    (no amulet)
Stlth  +.........               (no ring)
                                (no ring)

@: not resistant to hostile enchantments, very unstealthy
A: retaliatory headbutt, horns 2
a: no special abilities


You were on level 2 of the Dungeon.
You were very full.

You visited 1 branch of the dungeon, and saw 2 of its levels.

You collected 71 gold pieces.

Inventory:

Hand Weapons
 a - a +1 hand axe (weapon)
Armour
 b - a +0 leather armour (worn)
Jewellery
 k - an uncursed ring of ice {rC+, rF-}
   (You found it on level 1 of the Dungeon)
Scrolls
 e - a scroll of identify
Books
 c - a book of Battle
Comestibles
 d - 4 chunks of flesh {@w0}
 f - 2 slices of pizza
 g - a royal jelly


   Skills:
 + Level 3.2 Fighting
 * Level 4.8 Axes
 - Level 1.2 Armour
 - Level 1.1 Dodging
 - Level 1.3 Spellcasting
 - Level 2.0 Charms


You had 4 spell levels left.
You knew the following spells:

 Your Spells              Type           Power        Failure   Level  Hunger
a - Infusion              Chrm           #...         21%         1    ##.....


Dungeon Overview and Level Annotations

Branches:
Dungeon (2/15)

Altars:


Innate Abilities, Weirdness & Mutations

You reflexively headbutt those who attack you in melee.
You have a pair of horns on your head.


Message History

Robin misses you. You furiously retaliate!
You headbutt Robin. The hobgoblin hits you.
* * * LOW HITPOINT WARNING * * *
You take 6 damage, and have 3/31 hp.
Drink which item? (? for menu, Esc to quit)
You feel better. Robin hits you with a spear.
* * * LOW HITPOINT WARNING * * *
The hobgoblin closely misses you.
You regained 5 hp, and now have 8/31 hp.
You hit Robin.
You kill Robin!
You closely miss the hobgoblin. The hobgoblin barely misses you.
The hobgoblin barely misses you.
Items here: ) [[ † a spear; an animal skin; a helmet; the hobgoblin corpse of Robin Unknown command.
You closely miss the hobgoblin. You headbutt the hobgoblin.
You kill the hobgoblin!
You barely miss the hobgoblin.
The hobgoblin hits you but does no damage.
The hobgoblin closely misses you.
A goblin comes into view.
You closely miss the hobgoblin.
The goblin shouts!
You slash the hobgoblin!
You kill the hobgoblin!
The hobgoblin no longer looks unusually strong.
You hit the hobgoblin. You slash the hobgoblin!
You kill the hobgoblin!
The goblin no longer looks unusually strong.
The hobgoblin closely misses you.
You barely miss the hobgoblin. The hobgoblin hits you.
* * * LOW HITPOINT WARNING * * *
You take 3 damage, and have 6/31 hp.
You hit the hobgoblin but do no damage. You slash the hobgoblin!
You kill the hobgoblin!
You have reached level 4!
You feel agile.
You closely miss the hobgoblin. The hobgoblin misses you.
You furiously retaliate!
You headbutt the hobgoblin!
You kill the hobgoblin!
You regained 2 hp, and now have 8/38 hp.
MP restored: 5
Items here: ))))) †††††† You hit the hobgoblin.
You headbutt the hobgoblin.
You kill the hobgoblin!
You slash the goblin!
You kill the goblin!
The goblin barely misses you. You furiously retaliate!
You headbutt the goblin.
Items here: )))))) †††††††† You hit the goblin.
You kill the goblin!
You hit the goblin. Your headbutt misses the goblin.
The goblin barely misses you.
You closely miss the goblin. The goblin hits you with a dagger.
* * * LOW HITPOINT WARNING * * *
You take 2 damage, and have 7/38 hp.
You hit the goblin.
You kill the goblin!
The goblin shoots a stone.
The stone hits you but does no damage.
The goblin shoots a stone.
The stone hits you but does no damage.
Items here: $ ( ))) ††† You butcher the hobgoblin corpse.
The goblin shoots a stone.
The stone misses you.
Items here: $ % ( ))) ÷ †† You butcher the hobgoblin corpse.
Items here: $ %% ( ))) ÷ † You butcher the goblin corpse.
The goblin shoots a stone.
The stone closely misses you.
Items here: $ %%% ( ))) ÷ There isn't anything to butcher here.
There isn't anything to butcher here.
Items here: ) [[ † a spear; an animal skin; a helmet; the hobgoblin corpse of Robin You butcher the hobgoblin corpse of Robin.
d - 4 chunks of flesh {@w0}
Items here: ) [[ ÷ a spear; an animal skin; a helmet; the hobgoblin skeleton of Robin There isn't anything to butcher here.
There isn't anything to butcher here.
There isn't anything to butcher here.
There isn't anything to butcher here.
Items here: ( )))))) †††††††† You butcher the goblin corpse.
The goblin shoots a stone.
The stone hits you but does no damage.
Items here: % ( )))))) ††††††† You butcher the hobgoblin corpse.
Items here: %% ( )))))) ÷ †††††† You butcher the hobgoblin corpse.
The goblin shoots a stone.
The stone hits you.
* * * LOW HITPOINT WARNING * * *
Items here: %%% ( )))))) ÷ ††††† You butcher the hobgoblin corpse.
The goblin shoots a stone.
The stone hits you.
* * * LOW HITPOINT WARNING * * *
Items here: %%%% ( )))))) ÷ †††† You butcher the hobgoblin corpse.
The goblin shoots a stone.
The stone hits you.
You die...

####+####
#≈≈≈g≈≈≈#
#≈≈≈≈≈≈≈#
#.......#
#.....)(#
#.......#
#.......###
.........()#
g#########@#
#.# #.# ..#
#.## #. #.
.. .#


You could see a goblin.

Vanquished Creatures
  Robin (D:2)
  2 dart slugs (D:1)
  3 giant geckos (D:1)
  5 bats (D:1)
  4 giant cockroaches (D:1)
  11 goblins
  13 hobgoblins
  A giant newt (D:1)
  6 kobolds (D:1)
  4 rats (D:1)
50 creatures vanquished.

Notes
Turn   | Place    | Note
--------------------------------------------------------------
     0 | D:1      | kroki the Minotaur Skald began the quest for the Orb.
     0 | D:1      | Reached XP level 1. HP: 18/18 MP: 1/1
    99 | D:1      | Reached skill level 3 in Axes
   224 | D:1      | Reached XP level 2. HP: 24/25 MP: 3/3
   642 | D:1      | Reached skill level 4 in Axes
   776 | D:1      | Reached XP level 3. HP: 30/30 MP: 4/4
  1572 | D:2      | Noticed Robin
  1591 | D:2      | Reached skill level 3 in Fighting
  1595 | D:2      | HP: 3/31 [hobgoblin (6)]
  1597 | D:2      | Killed Robin
  1603 | D:2      | HP: 6/31 [hobgoblin[Robin] (3)]
  1605 | D:2      | Reached XP level 4. HP: 8/38 MP: 5/5
  1613 | D:2      | HP: 7/38 [goblin/dagger[Robin] (2)]
  1625 | D:2      | HP: 3/38 [goblin/stone (5)]
  1627 | D:2      | Shot with a stone by a goblin

Vault maps used:
D:1:      dpeg_arrival_central, serial_forest, infiniplex_forest_pool,
          infiniplex_forest_straight_3, infiniplex_forest_clump_cross,
          infiniplex_forest_lined_4_way, infiniplex_forest_corner_1,
          infiniplex_forest_clump_double, infiniplex_forest_side_room,
          infiniplex_forest_lined_3, infiniplex_forest_lined_room_2
D:2:      serial_co_window_serial, co_window_paths_b, co_window_paths_a,
          co_window_of_opportunity_a, co_window_paths_b,
          co_window_of_opportunity_a, co_window_paths_a, co_window_corner_cb,
          co_window_corner_b, co_window_unsneaky_path_b, co_window_2corner,
          glass_columns_a, minmay_goblin_outpost, uniq_robin, uniq_terence

Skill      XL: |  1  2  3 |
---------------+----------+-----
Axes           | 3 4 |  4.8
Fighting       | 3 |  3.2
Armour         | |  1.2
Dodging        | |  1.1
Spellcasting   | |  1.3
Charms         | |  2.0

Action                   |  1- 3 |  4- 6 || total
-------------------------+-------+-------++-------
Melee: Hand axe          |   108 |     6 ||   114
  Use: Scroll            |     4 |       ||     4
       Potion            |     1 |       ||     1
  Eat: Meat ration       |     1 |       ||     1
       Bread ration      |     1 |       ||     1

Vault maps used:
D:1:      dpeg_arrival_central, serial_forest, infiniplex_forest_pool,
          infiniplex_forest_straight_3, infiniplex_forest_clump_cross,
          infiniplex_forest_lined_4_way, infiniplex_forest_corner_1,
          infiniplex_forest_clump_double, infiniplex_forest_side_room,
          infiniplex_forest_lined_3, infiniplex_forest_lined_room_2
D:2:      serial_co_window_serial, co_window_paths_b, co_window_paths_a,
          co_window_of_opportunity_a, co_window_paths_b,
          co_window_of_opportunity_a, co_window_paths_a, co_window_corner_cb,
          co_window_corner_b, co_window_unsneaky_path_b, co_window_2corner,
          glass_columns_a, minmay_goblin_outpost, uniq_robin, uniq_terence

Table legend:
 A = Turns spent in this place as a percentage of turns spent in the entire game.
 B = Non-inter-level travel turns spent in this place as a percentage of non-inter-level travel turns spent in the entire game.
 C = Inter-level travel turns spent in this place as a percentage of turns spent in this place.
 D = Turns resting spent in this place as a percentage of non-inter-level travel turns spent in this place.
 E = Turns spent auto-exploring this place as a percentage of non-inter-level travel turns spent in this place.
 F = Non-inter-level travel turns spent in this place divided by the number of levels of this place that you've seen.
                   A       B       C       D       E      F
               +-------+-------+-------+-------+-------+----------------------
         Total | 100.0 | 100.0 |   0.1 |   0.3 |   7.5 | 371.5
       Dungeon | 100.0 | 100.0 |   0.1 |   0.3 |   7.5 | 371.5
               +-------+-------+-------+-------+-------+----------------------

Table legend:
 A = Kills in this place as a percentage of kills in entire the game.
 B = Kills by you in this place as a percentage of kills by you in the entire game.
 C = Kills by friends in this place as a percentage of kills by friends in the entire game.
 D = Other kills in this place as a percentage of other kills in the entire game.
 E = Experience gained in this place as a percentage of experience gained in the entire game.
 F = Experience gained in this place divided by the number of levels of this place that you have seen.
                   A       B       C       D       E      F
               +-------+-------+-------+-------+-------+----------------------
         Total | 100.0 | 100.0 |  -nan |  -nan | 100.0 |  53.5
       Dungeon | 100.0 | 100.0 |  -nan |  -nan | 100.0 |  53.5
               +-------+-------+-------+-------+-------+----------------------
